Map: Cyber Forest LE

Players

dontmineme - Winner!

  • Race: Terran Terran
  • Spawn Location: 5:00

playezvibe

  • Race: Zerg Zerg
  • League: Silver
  • Spawn Location: 11:00

VOD

Have the link to the VOD?

Description

Time

  • Played on: May 6, 2019, 7:26 p.m.
  • Length: 36:45
Show
View Real Time Build Order
Export as new Build Order

dontmineme Terran - Winner!

Build Orders:  

Get SALT Encoding   

  12  0:01  SCV  
  13  0:14  SCV  
  14  0:25  Supply Depot  
  14  0:26  SCV  
  15  0:46  SCV  
  16  0:55  Supply Depot  
  16  0:56  Barracks  
  16  0:59  SCV  
  17  1:11  SCV  
  18  1:19  Refinery  
  18  1:28  SCV  
  19  1:40  SCV  
  19  1:45  Supply Depot  
  19  1:46  Marine  
  21  1:52  SCV  
  22  2:04  Marine  
  23  2:09  Supply Depot  
  23  2:22  Reaper  
  23  2:36  Bunker  
  19  2:50  SCV  
  8  2:54  Marine  
  6  3:02  SCV  
  7  3:12  Marine  
  6  3:22  SCV  
  6  3:30  Marine  
  7  3:34  SCV  
  8  3:46  SCV  
  8  3:47  Marine  
  10  3:58  SCV  
  11  4:05  Marine  
  10  4:10  SCV  
  10  4:23  Marine, SCV  
  12  4:26  Barracks  
  9  4:35  SCV  
  9  4:41  Marine  
  9  4:48  SCV  
  10  4:59  Marine  
  11  5:17  Reaper  
  11  5:18  Bunker  
  12  5:31  Reaper  
  13  5:36  SCV  
  14  6:00  SCV  
  14  6:03  Reaper  
  16  6:13  SCV  
  17  6:25  SCV  
  18  6:37  Engineering Bay, SCV  
  19  6:47  Marine  
  20  7:05  Marine x2  
  22  7:10  SCV  
  23  7:15  Factory  
  24  7:22  SCV  
  24  7:23  Marine  
  23  7:54  Marine  
  23  7:56  Barracks Tech Lab  
  23  8:00  Terran Infantry Weapons Level 1, Factory Tech Lab  
  23  8:12  Marine  
  24  8:17  Marauder  
  26  8:25  SCV  
  27  8:27  Refinery  
  27  8:30  Marine  
  28  8:37  SCV  
  28  8:38  Marauder  
  31  8:43  Combat Shield  
  31  8:48  Marine  
  32  8:49  SCV  
  33  9:01  SCV  
  34  9:10  Reaper  
  34  9:13  SCV  
  34  9:15  Widow Mine  
  38  9:25  SCV  
  39  9:36  Widow Mine  
  41  9:42  Reaper  
  42  9:59  Starport  
  42  10:10  Stimpack  
  42  10:19  Siege Tank  
  45  10:30  SCV  
  46  10:39  Command Center  
  46  10:42  SCV  
  47  10:52  Supply Depot  
  47  11:13  Medivac  
  47  11:15  Supply Depot  
  49  11:24  Orbital Command  
  49  11:33  Refinery  
  49  11:35  Siege Tank  
  52  11:40  Barracks Reactor  
  52  11:43  Marauder  
  54  11:48  Supply Depot  
  54  11:54  SCV  
  55  12:05  Marauder  
  55  12:06  SCV  
  58  12:19  SCV  
  59  12:31  SCV  
  59  12:32  Marauder  
  62  12:43  SCV  
  63  12:52  Starport Reactor  
  63  12:54  Marauder  
  63  12:55  Starport Tech Lab, SCV  
  63  12:57  Supply Depot  
  66  13:07  SCV  
  66  13:10  Terran Infantry Armor Level 1  
  66  13:11  Refinery  
  67  13:14  Cyclone  
  67  13:19  SCV  
  71  13:22  Marine x2  
  71  13:23  Marine  
  74  13:40  Marine x3  
  77  13:46  Cyclone  
  77  13:48  Viking  
  82  13:58  Marine x3  
  85  14:10  Command Center  
  85  14:18  Viking  
  87  14:33  SCV  
  88  14:42  Missile Turret  
  88  15:02  Missile Turret  
  88  15:22  Missile Turret  
  88  15:25  Missile Turret  
  88  15:40  Marauder  
  88  15:42  Missile Turret  
  90  15:45  SCV  
  90  15:48  Refinery  
  91  15:58  SCV  
  91  16:01  Marauder  
  91  16:02  Missile Turret  
  94  16:10  SCV  
  95  16:22  SCV  
  95  16:23  Marauder  
  98  16:28  Cyclone  
  101  16:34  SCV  
  102  16:44  Marauder  
  102  16:45  Missile Turret  
  102  16:46  SCV  
  105  16:55  Supply Depot  
  105  16:58  SCV  
  105  17:00  Cyclone  
  109  17:17  Marauder  
  109  17:18  Supply Depot  
  109  17:22  Medivac  
  113  17:28  Supply Depot  
  113  17:34  Marine x2  
  115  17:41  SCV  
  116  17:51  Supply Depot  
  116  17:52  Marine x2  
  116  17:53  SCV  
  119  17:58  Armory  
  119  18:05  SCV  
  119  18:10  Marine x2  
  122  18:18  SCV  
  123  18:22  Missile Turret  
  123  18:27  Marine, Medivac  
  123  18:28  Marine  
  123  18:30  SCV  
  123  18:31  Engineering Bay  
  128  18:44  Missile Turret  
  128  18:46  Armory  
  128  19:04  Missile Turret  
  128  19:09  Terran Vehicle Weapons Level 1  
  128  19:10  Terran Infantry Armor Level 2, Terran Infantry Weapons Level 2  
  128  19:18  Command Center  
  128  19:25  Siege Tank  
  128  19:31  Viking  
  133  19:38  Refinery  
  133  19:53  Marauder  
  133  19:57  Supply Depot, Siege Tank  
  133  19:59  Terran Vehicle And Ship Armor Level 1  
  138  20:00  Supply Depot, Viking  
  140  20:15  Marauder  
  140  20:19  Supply Depot  
  142  20:23  Supply Depot  
  142  20:31  SCV  
  143  20:36  Marauder  
  145  20:43  SCV  
  146  20:55  SCV  
  146  20:56  Missile Turret  
  147  20:57  Marauder  
  149  21:07  SCV  
  150  21:13  Armory  
  150  21:19  Marauder  
  150  21:20  SCV  
  150  21:21  Terran Vehicle Weapons Level 2  
  153  21:26  Terran Infantry Weapons Level 3  
  153  21:27  Terran Infantry Armor Level 3  
  153  21:32  SCV  
  154  21:40  Missile Turret, Factory  
  154  21:53  SCV  
  155  22:00  Missile Turret  
  155  22:02  Ghost Academy  
  155  22:05  SCV  
  156  22:11  SCV  
  157  22:18  SCV  
  157  22:19  Terran Vehicle And Ship Armor Level 2  
  157  22:20  Terran Ship Weapons Level 1  
  158  22:23  SCV  
  158  22:24  Starport  
  158  22:28  Factory Tech Lab  
  158  22:29  Thor  
  165  22:35  Personal Cloaking  
  165  22:39  Concussive Shells  
  165  23:02  Command Center  
  165  23:22  Thor  
  165  23:31  Starport Tech Lab  
  165  23:36  Sensor Tower  
  165  23:39  Fusion Core  
  165  23:43  Medivac  
  167  23:48  Thor  
  173  24:13  Medivac  
  175  24:27  Terran Vehicle Weapons Level 3  
  175  24:34  Terran Ship Weapons Level 2  
  175  24:42  Terran Vehicle And Ship Armor Level 3  
  175  24:49  Hi-Sec Auto Tracking  
  175  25:03  SCV  
  176  25:15  SCV  
  177  25:27  SCV  
  178  25:39  SCV  
  179  25:51  Banshee  
  179  26:34  Thor, Banshee  
  181  26:48  Thor  
  111  27:36  Marine x3  
  114  27:40  Thor  
  114  27:43  Cyclone  
  123  27:50  Banshee  
  126  27:53  Marine  
  126  27:54  Marine x2  
  129  28:11  Marine x2  
  129  28:12  Marine  
  130  28:16  Cyclone  
  133  28:23  Thor  
  139  28:29  Marine x3  
  139  28:32  Banshee  
  145  28:47  Marine  
  145  28:48  Cyclone  
  149  29:15  Banshee  
  152  29:20  Cyclone  
  155  29:31  Terran Ship Weapons Level 3  
  155  29:50  Missile Turret  
  155  29:52  Cyclone  
  158  29:58  Banshee  
  161  30:07  Banshee  
  161  30:09  Nuke  
  161  30:10  Ghost  
  166  30:24  Barracks  
  166  30:30  Barracks  
  166  30:38  Ghost  
  166  30:41  Banshee  
  171  30:49  Banshee, Refinery  
  174  31:07  Ghost  
  174  31:10  Command Center  
  176  31:12  Barracks Tech Lab  
  176  31:23  Barracks  
  176  31:30  Reaper  
  176  31:32  Banshee  
  177  31:35  Ghost  
  177  31:36  Refinery  
  182  31:41  Planetary Fortress  
  182  31:48  Marauder  
  184  32:02  Reaper  
  184  32:04  Ghost  
  187  32:10  Marauder  
  187  32:15  Banshee  
  192  32:31  Marauder  
  192  32:33  Marauder  
  196  32:52  Marauder  
  196  32:55  Marauder  
  196  32:56  Barracks Tech Lab  
  200  34:26  Orbital Command  
  200  34:27  Orbital Command  
  200  34:40  Command Center  
  173  35:56  Marauder  
  177  35:57  Marauder  
  177  36:17  Marauder  
  181  36:18  Marauder  
Show
View Real Time Build Order
Export as new Build Order

playezvibe Zerg 

Build Orders: Pool First 

Get SALT Encoding   

  12  0:03  Drone  
  13  0:31  Spawning Pool  
  12  0:43  Drone x2  
  12  0:44  Overlord  
  14  0:58  Extractor  
  13  1:21  Zergling x2  
  13  1:22  Zergling x4  
  16  1:27  Queen  
  18  1:40  Zergling x2  
  19  1:47  Zergling x2  
  18  2:44  Zergling x6  
  18  2:45  Zergling x2  
  22  2:56  Metabolic Boost  
  19  3:40  Zergling x6  
  22  3:54  Pneumatized Carapace  
  22  3:55  Overlord  
  18  4:18  Drone x2  
  18  4:19  Drone x3  
  21  4:39  Zergling x4  
  22  5:07  Drone x2  
  24  5:15  Drone  
  23  5:38  Hatchery  
  22  5:57  Drone x4  
  26  6:09  Burrow  
  26  6:15  Spine Crawler  
  25  6:19  Spine Crawler  
  25  6:22  Spore Crawler  
  23  6:28  Zergling x8  
  27  7:01  Zergling x6  
  29  7:07  Drone x2  
  32  7:20  Queen  
  34  7:23  Overlord  
  33  7:56  Queen  
  35  8:02  Baneling Nest  
  34  8:06  Roach Warren  
  33  8:14  Evolution Chamber  
  33  8:19  Evolution Chamber  
  31  8:25  Drone x4  
  31  8:26  Drone  
  36  8:31  Queen  
  36  8:32  Queen  
  40  8:50  Zerg Melee Weapons Level 1  
  40  8:51  Zerg Missile Weapons Level 1  
  40  8:58  Overlord  
  40  9:07  Queen  
  42  9:16  Queen  
  44  9:44  Baneling  
  44  9:48  Baneling  
  44  9:49  Baneling  
  44  9:51  Queen  
  46  10:19  Spine Crawler  
  45  10:27  Queen  
  47  10:28  Spine Crawler  
  47  10:33  Spore Crawler  
  45  10:38  Roach x3  
  45  10:39  Overlord  
  45  10:42  Spore Crawler  
  50  11:03  Queen  
  52  11:35  Overlord  
  52  11:36  Roach  
  52  11:37  Roach x2  
  58  11:49  Overlord  
  58  12:25  Roach  
  58  12:26  Roach x5  
  58  12:27  Roach  
  72  12:33  Drone x3  
  75  12:53  Overlord  
  75  13:40  Roach x2  
  75  13:41  Roach x2  
  83  13:45  Overlord  
  83  13:58  Overlord  
  83  14:07  Roach x3  
  83  14:08  Roach  
  91  14:23  Queen  
  93  14:27  Queen  
  95  14:58  Queen  
  97  15:03  Queen  
  99  15:20  Overlord  
  99  15:38  Queen  
  99  15:39  Queen  
  103  15:53  Roach  
  103  15:54  Roach  
  107  15:57  Overlord  
  107  16:12  Zerg Ground Armor Level 1  
  107  16:15  Queen x2  
  111  16:43  Overlord  
  111  16:44  Roach x2  
  115  17:36  Extractor  
  114  17:49  Overlord  
  114  17:58  Overlord  
  114  18:06  Queen x2  
  118  18:23  Roach x5  
  118  18:24  Roach  
  130  18:27  Overlord  
  130  19:18  Roach x4  
  130  19:21  Overlord  
  138  19:33  Overlord  
  138  19:47  Queen  
  140  19:53  Queen  
  142  20:22  Queen  
  144  20:28  Queen  
  144  20:29  Roach x4  
  144  20:31  Overlord  
  154  20:43  Overlord  
  154  20:58  Queen  
  156  21:04  Queen  
  156  21:05  Zergling x6  
  161  21:22  Zergling x2  
  162  21:33  Zergling x4  
  162  21:34  Queen, Zergling x10  
  171  22:04  Hatchery  
  170  22:30  Overlord  
  170  22:36  Overlord  
  170  22:48  Queen x2  
  174  23:23  Queen  
  176  23:45  Overlord  
  176  23:47  Zergling x10  
  176  23:48  Zergling x2  
  182  23:52  Lair  
  182  25:24  Baneling x2  
  168  26:31  Overlord  
  168  26:32  Roach x2  
  150  26:37  Roach x2  
  150  26:38  Roach x4  
  150  26:42  Ravager x2  
  150  26:43  Ravager x3  
  155  26:53  Baneling x7  
  155  26:54  Baneling x5  
  155  26:55  Baneling x5  
  155  26:56  Baneling x6  
  123  27:09  Baneling x2  
  123  27:12  Baneling  
  62  27:46  Queen  
  64  28:21  Queen  
  66  28:29  Hydralisk Den  
  65  28:45  Spine Crawler  
  64  28:52  Spine Crawler  
  64  28:55  Spore Crawler  
  62  28:56  Queen  
  62  28:57  Queen  
  62  29:02  Spore Crawler  
  65  29:08  Queen  
  67  29:33  Queen  
  67  29:35  Overlord x3  
  69  30:08  Queen  
  69  30:09  Lair  
  71  30:15  Grooved Spines  
  71  30:17  Hydralisk x2  
  71  30:18  Hydralisk  
  77  31:23  Hydralisk x3  
  83  31:27  Hydralisk  
  83  31:28  Hydralisk x5  
  95  31:33  Zerg Melee Weapons Level 2  
  95  31:35  Zerg Missile Weapons Level 2  
  95  31:55  Drone x3  
  96  33:22  Overlord  
  96  33:23  Overlord  
  96  33:24  Overlord  
  96  33:31  Hydralisk x3  
  102  33:47  Extractor  
  101  34:02  Hydralisk x2  
  106  34:17  Drone  
  107  34:31  Drone x3  
  107  34:38  Queen  
  32  35:09  Extractor  
  32  35:13  Queen  
  25  35:30  Drone x2  
  25  35:31  Drone x2  
  25  35:32  Drone  
  28  35:49  Queen  
  28  35:54  Extractor  
  27  36:00  Extractor  
Tags
 
League
Silver
Matchup
TvZ
Opening
Pool First
Spawn Locations
Cross Positions
Add a new tag
Caveats
  • Supply blocks, unpowered buildings, or Contaminate may cause inaccurate times.
  • Supply counts are checked every 10 seconds.